Map: Ulrena

Players

AcerBly (Bly) - Winner!

  • Race: Zerg Zerg

Chris (MCanning)

  • Race: Protoss Protoss
  • League: Grandmaster

Event: Gauntlet LotV Series 1 Qualifier 1

VOD

Have the link to the VOD?

Description

Time

  • Played on: Nov. 22, 2015, 4:51 p.m.
  • Length: 21:07

All games in this series

Show
View Real Time Build Order
Export as new Build Order

AcerBly Zerg - Winner!

Build Orders: Hatch First, Lurkers 

Get SALT Encoding   

  12  0:01  Drone  
  13  0:12  Overlord  
  13  0:17  Drone  
  14  0:31  Drone x2  
  16  0:36  Drone  
  17  0:54  Hatchery  
  16  0:59  Drone  
  17  1:13  Drone, Spawning Pool  
  17  1:16  Drone  
  18  1:22  Drone  
  19  1:33  Overlord  
  19  2:00  Zergling x4  
  19  2:01  Queen  
  23  2:02  Zergling x2  
  23  2:06  Queen  
  26  2:12  Zergling x2  
  26  2:14  Drone  
  28  2:20  Drone  
  29  2:25  Drone  
  30  2:33  Overlord  
  30  2:35  Drone  
  30  2:36  Queen  
  33  2:48  Hatchery  
  31  3:04  Drone x3  
  34  3:08  Drone x5  
  37  3:15  Extractor x2  
  37  3:16  Drone x3  
  38  3:22  Drone x2  
  40  3:29  Drone x3  
  43  3:39  Overlord x2  
  43  3:46  Overlord  
  43  3:47  Drone  
  44  3:54  Overlord  
  44  3:57  Roach Warren, Extractor  
  44  4:02  Drone x3  
  45  4:05  Spine Crawler  
  45  4:06  Overlord  
  44  4:11  Overlord, Zergling x2  
  44  4:13  Zergling x2  
  46  4:17  Metabolic Boost  
  46  4:24  Drone x3  
  46  4:25  Drone  
  49  4:37  Roach x4  
  57  4:55  Roach x3  
  57  4:56  Roach x4  
  71  5:01  Lair  
  71  5:10  Drone x4  
  71  5:11  Drone x2  
  77  5:24  Drone x6  
  77  5:25  Drone x2  
  77  5:28  Ravager x3  
  88  5:29  Ravager  
  88  5:32  Overlord  
  88  5:35  Overlord  
  89  5:39  Overlord  
  76  5:57  Zergling x28  
  83  6:10  Glial Reconstitution  
  78  6:14  Hydralisk Den, Roach x6  
  78  6:15  Extractor  
  88  6:25  Drone x3  
  91  6:28  Extractor  
  91  6:30  Overlord, Extractor  
  91  6:32  Evolution Chamber  
  88  6:33  Roach  
  88  6:37  Overlord  
  89  6:40  Overseer  
  89  6:41  Hatchery  
  89  6:45  Drone x8  
  89  6:46  Drone  
  97  6:52  Drone  
  97  6:53  Drone x2  
  100  6:56  Lurker Den  
  100  6:58  Overlord  
  100  7:02  Overlord  
  100  7:05  Queen  
  100  7:06  Overlord  
  100  7:11  Zerg Missile Weapons Level 1  
  100  7:12  Overlord  
  100  7:15  Zergling x2  
  100  7:16  Zergling x4  
  97  7:30  Drone  
  97  7:31  Hydralisk x5  
  107  7:43  Spore Crawler, Hydralisk x2  
  107  7:44  Hydralisk x2  
  114  7:55  Ravager x2  
  114  7:56  Ravager x2  
  117  8:06  Drone x2  
  117  8:07  Drone x7  
  126  8:13  Infestation Pit  
  125  8:21  Overseer, Extractor  
  125  8:25  Extractor  
  123  8:28  Muscular Augments  
  123  8:29  Lurker x5  
  128  8:34  Spore Crawler  
  128  8:35  Drone x6  
  128  8:36  Drone  
  134  8:48  Hatchery  
  133  8:56  Hive  
  133  9:04  Hydralisk x8  
  133  9:06  Overlord  
  147  9:13  Queen  
  148  9:20  Overlord  
  148  9:21  Spire  
  146  9:25  Lurker  
  146  9:26  Lurker  
  148  9:44  Roach x13  
  148  9:45  Overlord  
  174  9:48  Overseer  
  156  10:07  Queen  
  153  10:15  Drone x3  
  153  10:17  Drone x3  
  159  10:23  Viper x3  
  159  10:25  Ultralisk Cavern  
  166  10:36  Drone x3  
  166  10:39  Zerg Melee Weapons Level 1  
  169  10:50  Drone x3, Spine Crawler x2  
  169  10:53  Spore Crawler, Spine Crawler  
  169  10:54  Spine Crawler  
  162  11:20  Drone x5  
  162  11:28  Ultralisk x3  
  180  11:46  Zergling x26  
  180  11:47  Overlord, Zergling x10  
  198  11:56  Spire  
  197  12:05  Hatchery, Overseer  
  197  12:06  Spore Crawler  
  197  12:07  Spore Crawler  
  194  12:10  Overseer  
  194  12:12  Drone x5  
  198  12:22  Spine Crawler  
  198  12:24  Spore Crawler  
  198  12:25  Spine Crawler  
  195  12:34  Pneumatized Carapace  
  195  12:39  Overlord, Ultralisk Cavern  
  194  12:49  Zerg Melee Weapons Level 2  
  190  12:54  Evolution Chamber  
  177  13:13  Hydralisk x4  
  177  13:14  Hydralisk x7  
  149  13:43  Ultralisk x5  
  149  13:44  Ultralisk x2  
  191  13:49  Zerg Ground Armor Level 1  
  191  14:00  Lurker x7  
  191  14:01  Lurker x2  
  198  14:05  Burrow  
  198  14:08  Overseer  
  193  14:15  Zergling x6  
  196  14:30  Hydralisk x5  
  162  14:55  Hydralisk x9  
  162  14:56  Hydralisk x3  
  158  15:21  Queen x2  
  158  15:27  Drone x4  
  166  15:29  Zergling x14  
  166  15:30  Zergling x2  
  174  15:41  Extractor  
  173  15:43  Extractor  
  173  15:44  Adrenal Glands  
  172  15:50  Lurker  
  172  15:51  Lurker x4  
  172  15:52  Lurker  
  175  16:25  Corruptor x2, Greater Spire  
  175  16:26  Corruptor x4  
  175  16:27  Overlord x3  
  182  16:37  Drone x2  
  184  16:45  Zergling x8  
  184  16:46  Zergling x10  
  191  17:23  Hatchery  
  178  17:36  Hatchery  
  145  17:51  Brood Lord x6  
  156  17:54  Lurker x10  
  166  18:01  Zergling x2  
  166  18:02  Zergling x30  
  194  18:05  Ultralisk x2  
  194  18:06  Ultralisk  
  195  18:25  Hydralisk x3  
  198  18:37  Drone  
  198  18:39  Spine Crawler  
  198  18:40  Spine Crawler  
  143  19:07  Ultralisk x3  
  143  19:08  Ultralisk  
  145  19:15  Zergling x20  
  154  19:42  Ultralisk x2  
  154  19:44  Drone x2  
  154  19:45  Drone x4  
  172  19:59  Queen x2  
  175  20:12  Ultralisk  
  175  20:13  Zergling x4  
  175  20:14  Zergling x6  
  180  20:39  Zergling x10  
  180  20:40  Zergling x12  
Show
View Real Time Build Order
Export as new Build Order

Chris Protoss 

Build Orders: 1 Gate Expand 

Get SALT Encoding   

  12  0:00  Probe (Chrono Boost)  
  13  0:11  Probe (Chrono Boost)  
  14  0:18  Pylon  
  14  0:22  Probe (Chrono Boost)  
  15  0:37  Probe (Chrono Boost)  
  15  0:39  Gateway  
  16  0:47  Probe (Chrono Boost)  
  16  0:48  Assimilator  
  17  0:58  Probe (Chrono Boost)  
  18  1:08  Probe (Chrono Boost)  
  19  1:22  Nexus  
  19  1:27  Probe (Chrono Boost)  
  20  1:38  Probe (Chrono Boost)  
  21  1:40  Cybernetics Core  
  21  1:46  Pylon  
  21  1:50  Probe (Chrono Boost)  
  22  1:57  Pylon  
  22  2:01  Probe (Chrono Boost)  
  23  2:10  Assimilator  
  23  2:11  Probe (Chrono Boost)  
  24  2:20  Stalker (Chrono Boost)  
  24  2:22  Probe  
  27  2:24  Warp Gate  
  27  2:35  Probe  
  28  2:39  Gateway  
  28  2:40  Mothership Core  
  30  2:53  Adept (Chrono Boost)  
  30  2:55  Probe  
  33  3:07  Probe  
  33  3:08  Probe  
  34  3:18  Gateway  
  34  3:19  Sentry (Chrono Boost)  
  36  3:21  Pylon  
  36  3:27  Assimilator  
  36  3:29  Pylon  
  36  3:32  Pylon  
  38  3:34  Sentry (Chrono Boost)  
  38  3:36  Probe (Chrono Boost)  
  38  3:38  Probe (Chrono Boost)  
  40  3:43  Sentry  
  40  3:47  Probe (Chrono Boost)  
  43  3:49  Probe (Chrono Boost)  
  44  3:58  Probe (Chrono Boost), Pylon  
  44  4:00  Probe (Chrono Boost)  
  46  4:08  Probe (Chrono Boost)  
  47  4:11  Probe (Chrono Boost)  
  47  4:19  Probe (Chrono Boost)  
  47  4:21  Probe (Chrono Boost), Robotics Facility  
  49  4:29  Probe (Chrono Boost)  
  50  4:32  Probe (Chrono Boost)  
  51  4:40  Probe (Chrono Boost)  
  51  4:42  Probe (Chrono Boost), Forge  
  51  4:44  Sentry x2, Gateway  
  57  4:50  Probe (Chrono Boost)  
  58  4:53  Stalker, Probe (Chrono Boost)  
  58  4:57  Assimilator  
  61  5:01  Probe (Chrono Boost)  
  61  5:03  Probe (Chrono Boost)  
  63  5:09  Warp Prism (Chrono Boost)  
  63  5:10  Probe  
  66  5:14  Probe  
  66  5:17  Nexus  
  67  5:26  Protoss Ground Weapons Level 1, Robotics Bay  
  67  5:27  Probe  
  68  5:37  Pylon  
  68  5:38  Pylon  
  68  5:40  Gateway  
  68  5:43  Gateway  
  68  5:47  Stalker  
  70  5:52  Pylon  
  70  5:55  Zealot  
  66  6:00  Zealot  
  66  6:02  Probe  
  65  6:08  Pylon  
  69  6:17  Disruptor (Chrono Boost)  
  68  6:19  Pylon  
  68  6:20  Zealot x4  
  68  6:22  Probe  
  68  6:25  Probe  
  78  6:35  Probe  
  79  6:42  Probe  
  79  6:45  Nexus  
  79  6:46  Probe  
  80  6:48  Pylon  
  80  6:49  Pylon  
  80  6:51  Twilight Council, Observer (Chrono Boost)  
  80  6:52  Sentry x2  
  86  7:04  Probe  
  86  7:08  Stalker x3  
  93  7:11  Disruptor (Chrono Boost)  
  93  7:12  Probe  
  97  7:16  Probe  
  98  7:27  Zealot x3, Blink (Chrono Boost)  
  102  7:35  Probe  
  102  7:36  Dark Shrine  
  103  7:38  Disruptor  
  103  7:40  Stalker  
  103  7:41  Probe  
  109  7:47  Probe  
  110  7:59  Probe  
  110  8:02  Assimilator  
  110  8:04  Assimilator  
  111  8:06  Probe  
  111  8:07  Probe  
  111  8:11  Probe  
  114  8:14  Gateway x2, Disruptor (Chrono Boost), Protoss Ground Weapons Level 2 (Chrono Boost)  
  117  8:23  Zealot  
  119  8:31  Stalker x2  
  119  8:32  Stalker x3  
  129  8:39  Probe  
  130  8:45  Observer (Chrono Boost)  
  130  8:46  Probe  
  130  8:49  Pylon  
  130  8:51  Pylon x2  
  130  8:52  Photon Cannon  
  130  8:53  Pylon, Photon Cannon  
  130  8:56  Probe  
  130  8:59  Probe  
  130  9:02  Disruptor  
  132  9:08  Zealot  
  131  9:16  Stalker  
  131  9:17  Stalker x4  
  133  9:20  Probe, Dark Templar  
  136  9:29  Probe  
  137  9:35  Probe  
  138  9:40  Dark Templar  
  138  9:45  Dark Templar x2  
  144  9:50  Adept x2  
  146  9:56  Disruptor  
  126  10:03  Probe  
  126  10:04  Nexus  
  126  10:06  Pylon  
  116  10:08  Stalker x2  
  116  10:09  Stalker  
  115  10:14  Probe  
  115  10:18  Stalker x4  
  115  10:19  Stalker  
  126  10:26  Probe  
  126  10:28  Probe  
  126  10:30  Observer  
  127  10:40  Probe  
  128  10:45  Dark Templar  
  128  10:46  Immortal  
  128  10:48  Dark Templar x2  
  132  10:54  Stalker x2  
  132  10:57  Probe  
  141  10:59  Photon Cannon  
  141  11:00  Dark Templar  
  141  11:01  Photon Cannon  
  141  11:03  Probe  
  144  11:07  Zealot  
  143  11:14  Probe  
  144  11:20  Probe x2, Assimilator  
  144  11:24  Assimilator  
  144  11:31  Templar Archives  
  144  11:32  Probe  
  145  11:35  Dark Templar  
  145  11:38  Zealot  
  145  11:39  Zealot x4  
  153  11:40  Protoss Ground Weapons Level 3 (Chrono Boost)  
  153  11:42  Immortal  
  153  12:05  Zealot x2  
  153  12:06  Zealot x4  
  153  12:07  Probe  
  166  12:12  Probe  
  167  12:16  Disruptor  
  167  12:20  High Templar x2  
  167  12:22  Probe  
  175  12:29  Gateway  
  173  12:30  Gateway, Charge (Chrono Boost)  
  173  12:34  Pylon  
  173  12:35  High Templar  
  173  12:36  Probe  
  176  12:40  Dark Templar  
  176  12:43  Probe, Psionic Storm  
  179  12:47  Immortal  
  179  12:48  Probe  
  179  12:50  Probe  
  182  13:03  Probe  
  181  13:06  Pylon  
  181  13:11  Dark Templar x3  
  181  13:12  Zealot x3  
  191  13:14  Probe  
  191  13:15  Archon  
  191  13:17  Probe  
  166  13:38  Probe  
  155  13:43  Dark Templar  
  155  13:44  Dark Templar x4, Zealot  
  166  13:49  Archon x3  
  166  13:55  Gateway  
  166  13:57  Gateway  
  166  14:00  Pylon  
  166  14:02  Pylon  
  166  14:06  Gateway  
  166  14:07  Pylon  
  163  14:11  Pylon  
  163  14:13  Pylon  
  160  14:18  Pylon  
  160  14:22  Pylon  
  160  14:23  Probe, Pylon  
  160  14:24  Pylon  
  160  14:25  Probe  
  160  14:27  Photon Cannon  
  162  14:33  Zealot  
  162  14:37  Pylon  
  162  14:38  Dark Templar  
  125  14:57  Probe  
  125  14:59  Disruptor (Chrono Boost)  
  98  15:04  Zealot x4  
  97  15:17  Zealot x3  
  97  15:18  Zealot  
  105  15:22  Probe  
  106  15:32  Disruptor (Chrono Boost)  
  106  15:33  Dark Templar x3  
  115  15:36  Pylon  
  115  15:39  Zealot x2  
  115  15:41  Archon  
  118  15:47  Dark Templar  
  120  15:55  Dark Templar  
  122  15:58  Dark Templar, Archon  
  122  15:59  Dark Templar x2  
  122  16:03  Disruptor (Chrono Boost)  
  131  16:06  Archon  
  131  16:09  Stalker x3  
  131  16:11  Archon  
  137  16:15  Probe  
  137  16:17  Zealot x2  
  137  16:18  Zealot  
  140  16:33  Nexus  
  140  16:34  Disruptor (Chrono Boost)  
  140  16:36  Photon Cannon  
  139  16:47  Dark Templar  
  139  16:49  Photon Cannon  
  141  17:00  Stalker x2  
  141  17:01  Stalker  
  145  17:07  Disruptor (Chrono Boost)  
  148  17:17  Dark Templar  
  148  17:19  Zealot x2  
  148  17:20  Zealot  
  156  17:23  Probe  
  156  17:29  Probe  
  146  17:40  Probe  
  143  17:49  Disruptor (Chrono Boost)  
  143  17:50  Dark Templar  
  143  17:51  Dark Templar, Zealot  
  135  17:52  Zealot x2  
  135  17:55  Archon  
  141  18:01  Probe x2  
  143  18:07  Zealot x3  
  149  18:13  Zealot  
  151  18:20  Zealot  
  151  18:23  Observer (Chrono Boost)  
  154  18:29  Dark Templar x2  
  154  18:33  Archon  
  158  18:36  Dark Templar  
  160  18:42  Zealot x4  
  160  18:43  Zealot  
  170  18:50  Probe, Photon Cannon  
  170  18:55  Probe, Assimilator  
  168  18:59  Probe  
  110  19:10  Stalker x2  
  110  19:11  Stalker x4  
  118  19:26  Stalker x2  
  118  19:27  Stalker x2  
  110  19:41  Stalker x2  
  114  19:56  Probe  
  114  19:59  Stalker x5  
  125  20:03  Probe  
  126  20:07  Assimilator  
  116  20:21  Observer (Chrono Boost)  
  114  20:32  Probe  
  114  20:35  Probe  
  100  20:44  Stalker x3  
  100  20:45  Zealot x2  
  100  20:48  Probe  
Tags
 
Add a new tag
Caveats
  • Supply blocks, unpowered buildings, or Contaminate may cause inaccurate times.
  • Supply counts are checked every 10 seconds.